 Dungeon Crawl Stone Soup version 0.16.2-2-g470672f (webtiles) character file.

231 CrazyArbalest the Bolt Thrower (level 5, 0/41 HPs)
             Began as a Centaur Hunter on Aug 21, 2015.
             Slain by a centaur (6 damage)
             ... on level 4 of the Dungeon.
             The game lasted 00:17:13 (3927 turns).

CrazyArbalest the Bolt Thrower (Centaur Hunter)     Turns: 3927, Time: 00:17:13

Health: 0/41       AC:  4    Str: 15    XL:     5   Next: 72%
Magic:  4/4        EV: 10    Int: 10    God:
Gold:   174        SH:  0    Dex: 10    Spells: 0 memorised, 4 levels left

rFire  . . .     SeeInvis .     a - +0 whip
rCold  . . .     Clarity  .     d - +0 leather armour
rNeg   . . .     SustAb   .     (no shield)
rPois  .         Gourm    .     (no helmet)
rElec  .         Spirit   .     (no cloak)
rCorr  .         Warding  .     (no gloves)
rMut   .         Stasis   .     (no barding)
MR     .....                    (no amulet)
Stlth  +.........               (no ring)
                                (no ring)

@: very quick, not resistant to hostile enchantments, very unstealthy
A: hooves 3, deformed body, speed 2, tough skin 3
a: no special abilities


You were on level 4 of the Dungeon.
You were not hungry.

You visited 1 branch of the dungeon, and saw 4 of its levels.

You collected 174 gold pieces.

Inventory:

Hand weapons
 a - a +0 whip (weapon)
 b - a +1 hand crossbow
 n - a +0 whip
 y - a +0 hand axe
 B - a +0 halberd of protection
 F - a +0 hand axe
Missiles
 c - 37 bolts
Armour
 d - a +0 leather armour (worn)
 u - a +0 animal skin
 w - a cursed -1 ring mail
 C - a cursed +0 animal skin
 D - a +0 helmet
Jewellery
 v - an uncursed ring of sustain abilities {unknown}
Scrolls
 e - 6 scrolls of identify {unknown}
 g - 3 scrolls of random uselessness {unknown}
 h - 2 scrolls of magic mapping {unknown}
 l - a scroll of fog {unknown}
 p - a scroll of noise {unknown}
 r - a scroll of blinking {unknown}
 x - a scroll of teleportation {unknown}
 E - a scroll of amnesia {unknown}
Potions
 i - 5 potions of curing
 j - a potion of might {unknown}
 o - a potion of flight {unknown}
 s - 2 potions of poison {unknown}
 t - 2 potions of ambrosia {unknown}
 z - a potion of invisibility {unknown}
 A - 2 potions of restore abilities {unknown}
Comestibles
 f - 5 bread rations
 m - 2 slices of pizza
 q - a beef jerky


   Skills:
 + Level 2.2 Fighting
 + Level 0.8 Maces & Flails
 * Level 6.0 Crossbows
 + Level 1.5 Armour
 + Level 2.5 Dodging
 + Level 0.6 Stealth


You had 4 spell levels left.
You didn't know any spells.

Dungeon Overview and Level Annotations

Branches:
Dungeon (4/15)
 Temple: D:4-7

Altars:
Trog


Innate Abilities, Weirdness & Mutations

You have hooves in place of feet.
Armour fits poorly on your strangely shaped body.
You cover ground very quickly.
You have extremely tough skin (AC +3).


Message History

The centaur completely misses you.
Found a stone staircase leading down.
You hit the centaur. Your kick misses the centaur.
The centaur is lightly wounded.
The centaur misses you. The centaur hits you.
You completely miss the centaur.
The centaur is lightly wounded.
The centaur hits you.
You barely miss the centaur. You kick the centaur.
The centaur is lightly wounded.
The centaur hits you but does no damage. x2
You barely miss the centaur.
The centaur is lightly wounded.
The centaur hits you!
You closely miss the centaur.
The centaur is lightly wounded.
The centaur hits you!
* * * LOW HITPOINT WARNING * * *
The centaur hits you.
You die...

#....#... #..
.####....... ....#
####.##.....#...
.>....##.....
#......
..............
###...#
.........##. ##...
... ... #. ##.##
#c##.###.## #.###
#@#..##..#####.# #
#.............####
..
##.(####.##..##.#
.... ##(##
##.###...##
......###.## #.÷#
##.## ..........#
#..# ###
.......#..#####..##
.#... ###†##.....#
##. ##..######


You could see a centaur.

Vanquished Creatures
  A centaur skeleton (D:4)
  Ijyb (D:2)
  Robin (D:3)
  5 adders
  3 gnolls (D:3)
  4 worms
  2 ball pythons
  8 bats
  A giant cockroach (D:1)
  12 hobgoblins
  8 jackals
  7 kobolds
  8 giant newts
  16 goblins
  8 rats
85 creatures vanquished.

Notes
Turn   | Place    | Note
--------------------------------------------------------------
     0 | D:1      | CrazyArbalest, the Centaur Hunter, began the quest for the Orb.
     0 | D:1      | Reached XP level 1. HP: 17/17 MP: 1/1
   463 | D:1      | Reached XP level 2. HP: 7/24 MP: 2/2
   967 | D:1      | Reached skill level 5 in Crossbows
  1378 | D:1      | Reached XP level 3. HP: 29/29 MP: 3/3
  1862 | D:2      | Noticed Ijyb
  1869 | D:2      | Reached XP level 4. HP: 36/36 MP: 3/3
  1881 | D:2      | Killed Ijyb
  1944 | D:2      | Found a bloodstained altar of Trog.
  2165 | D:2      | HP: 1/36 [poisoned by an adder]
  2737 | D:3      | Reached skill level 1 in Armour
  2930 | D:3      | Reached XP level 5. HP: 41/41 MP: 4/4
  3152 | D:3      | Reached skill level 6 in Crossbows
  3473 | D:3      | Noticed Robin
  3500 | D:3      | Killed Robin
  3917 | D:4      | Noticed a centaur
  3927 | D:4      | Slain by a centaur

Action                   |  1- 3 |  4- 6 || total
-------------------------+-------+-------++-------
Melee: Whip              |   110 |   151 ||   261
       Short sword       |     9 |       ||     9
 Fire: Hand crossbow     |    34 |    54 ||    88
  Use: Potion            |       |     1 ||     1
 Stab: Distracted        |       |     1 ||     1
  Eat: Chunk             |     2 |     6 ||     8
